[Event "ICCopen2017"]
[Site "Internet Chess Club"]
[Date "2017.03.19"]
[Round "5"]
[White "Shafkat"]
[Black "capatal1"]
[Result "1-0"]
[ICCResult "Black forfeits on time"]
[WhiteElo "1558"]
[BlackElo "1382"]
[Opening "Sicilian: Najdorf, Zagreb (fianchetto) variation"]
[ECO "B91"]
[NIC "SI.14"]
[Time "19:59:55"]
[TimeControl "180+0"]

1. e4 c5 2. Nf3 d6 3. d4 cxd4 4. Nxd4 Nf6 5. Nc3 a6 6. g3 e6 7. Bg2 Be7 8.
O-O O-O 9. a4 Qc7 10. Be3 Nc6 11. h3 h6 12. g4 Nh7 13. Nde2 f5 14. exf5 exf5
15. gxf5 Bxf5 16. Ng3 Be6 17. Nd5 Bxd5 18. Qxd5+ Kh8 19. Nh5 Nf6 20. Nxf6
Bxf6 21. Rad1 Rad8 22. Qh5 Ne7 23. c3 d5 24. Bd4 Bxd4 25. Rxd4 Rf5 26. Qg4
Rg5 27. Qf3 Ng6 28. Rfd1 Ne5 29. Qf4 Qe7 30. Rxd5 Rxd5 31. Rxd5 Ng6 32. Qb8+
Kh7 33. Rxg5 hxg5 34. Qg3 Qe1+ 35. Kh2 Qd2 36. Bf3 Nf4 37. Bg4
{Black forfeits on time}
1-0

[Event "ICCopen2017"]
[Site "Internet Chess Club"]
[Date "2017.03.19"]
[Round "5"]
[White "turolo"]
[Black "Svinotigr"]
[Result "1/2-1/2"]
[ICCResult "White stalemated"]
[WhiteElo "1888"]
[BlackElo "1678"]
[Opening "Queen's Pawn"]
[ECO "A41"]
[NIC "QO.17"]
[Time "20:00:17"]
[TimeControl "180+0"]

1. d4 d6 2. Bf4 Nd7 3. Nc3 g6 4. e4 Bg7 5. Qd2 e6 6. O-O-O Qe7 7. f3 c6 8.
h4 h5 9. Bd3 e5 10. dxe5 dxe5 11. Bg5 Ngf6 12. Nge2 O-O 13. Bh6 a5 14. Bxg7
Kxg7 15. g4 Nc5 16. Ng3 Rh8 17. Qg5 Qc7 18. gxh5 Nxh5 19. Nf5+ Bxf5 20. exf5
Nf4 21. fxg6 fxg6 22. Bxg6 Nxg6 23. h5 Qf7 24. hxg6 Qf4+ 25. Qxf4 exf4 26.
Rhg1 Rad8 27. Rde1 Rde8 28. Rd1 Rd8 29. Rde1 Rde8 30. Ne4 Nxe4 31. Rxe4 Rxe4
32. fxe4 Re8 33. e5 Rxe5 34. Rg4 Rf5 35. Rg1 f3 36. Kd2 b5 37. Ke3 b4 38.
Rf1 Kxg6 39. Rxf3 Rxf3+ 40. Kxf3 Kf5 41. Ke3 Ke5 42. Kd3 Kd5 43. a3 c5 44.
c4+ bxc3 45. Kxc3 c4 46. a4 Kc5 47. b3 cxb3 48. Kxb3 Kd4 49. Ka3 Kc4 50. Ka2
Kb4 51. Ka1 Kxa4 52. Kb1 Kb3 53. Ka1 a4 54. Kb1 a3 55. Ka1 a2 {White
stalemated} 1/2-1/2

[Event "ICCopen2017"]
[Site "Internet Chess Club"]
[Date "2017.03.19"]
[Round "5"]
[White "AnthonyRaelund"]
[Black "lazywillis"]
[Result "1-0"]
[ICCResult "Black checkmated"]
[WhiteElo "1444"]
[BlackElo "1122"]
[Opening "English: symmetrical variation"]
[ECO "A30"]
[NIC "EO.64"]
[Time "20:00:22"]
[TimeControl "180+0"]

1. c4 c5 2. g3 d6 3. Bg2 Nc6 4. Nc3 Qc7 5. Nf3 g6 6. O-O Bg7 7. a3 Nf6 8.
Rb1 a5 9. d3 Bg4 10. h3 Be6 11. Ng5 Qd7 12. Nxe6 Qxe6 13. Bg5 Rc8 14. Qd2
O-O 15. Bh6 Nd4 16. Bxg7 Kxg7 17. Kh2 Nb3 18. Qd1 Nd4 19. Bxb7 Rb8 20. Bg2
Nb3 21. Nd5 Nxd5 22. Bxd5 Qe5 23. f4 Qd4 24. Rf3 e6 25. e3 Qf6 26. Bc6 Rfc8
27. Bb5 d5 28. Qxb3 dxc4 29. Qxc4 e5 30. Rbf1 exf4 31. Rxf4 Qxb2+ 32. R1f2
Qxb5 33. Rxf7+ Kh6 34. Qh4# {Black checkmated} 1-0

[Event "ICCopen2017"]
[Site "Internet Chess Club"]
[Date "2017.03.19"]
[Round "5"]
[White "Chessjester"]
[Black "Littlejack1"]
[Result "1-0"]
[ICCResult "Black forfeits on time"]
[WhiteElo "1854"]
[BlackElo "1390"]
[Opening "English: ultra-symmetrical variation"]
[ECO "A36"]
[NIC "EO.31"]
[Time "20:00:18"]
[TimeControl "180+0"]

1. c4 c5 2. g3 g6 3. Bg2 Bg7 4. Nc3 Nc6 5. a3 Nf6 6. Rb1 a5 7. e3 d6 8. Nge2
Be6 9. d3 Qd7 10. Nf4 O-O 11. Nxe6 fxe6 12. O-O d5 13. b3 Kh8 14. Qc2 d4 15.
e4 dxc3 16. Qxc3 Nxe4 17. Qe1 Nc3 18. Bh3 Nxb1 19. Bxe6 Qxd3 20. Bg5 Nd4 21.
Bd5 Ne2+ 22. Kg2 Nbc3 23. f3 Nxd5 24. cxd5 Bc3 25. Qf2 Bd4 26. Qe1
{Black forfeits on time}
1-0

[Event "ICCopen2017"]
[Site "Internet Chess Club"]
[Date "2017.03.19"]
[Round "5"]
[White "tirandopiezas"]
[Black "alan2015"]
[Result "0-1"]
[ICCResult "White forfeits on time"]
[WhiteElo "1801"]
[BlackElo "1457"]
[Opening "two knights: Max Lange attack"]
[ECO "C50"]
[NIC "IG.02"]
[Time "19:59:38"]
[TimeControl "180+0"]

1. e4 e5 2. Nf3 Nc6 3. Bc4 Bc5 4. O-O Nf6 5. d4 exd4 6. e5 d5 7. exf6 dxc4
8. Re1+ Be6 9. Ng5 Qd5 10. Nc3 Qf5 11. g4 Qg6 12. Nce4 Bb6 13. f4 d3+ 14.
Kh1 dxc2 15. Qxc2 Bxg4 16. fxg7 Qxg7 17. Nf6+ Kd8 18. Nxg4 h6 19. Qd1+ Nd4
20. Be3 hxg5 21. Ne5 c5 22. a4 gxf4 23. Bxd4 cxd4 24. a5 f3 25. Qxf3 Qxe5
26. Rxe5 Bc7 27. Rd5+ Kc8 28. Qf5+ Kb8 29. Qd7 b6 {White forfeits on time}
0-1

[Event "ICCopen2017"]
[Site "Internet Chess Club"]
[Date "2017.03.19"]
[Round "5"]
[White "Mormegil"]
[Black "watchout"]
[Result "1-0"]
[ICCResult "Black forfeits on time"]
[WhiteElo "1756"]
[BlackElo "1396"]
[Opening "QGD: Tarrasch, Prague variation, 7...Be7"]
[ECO "D34"]
[NIC "RE.12"]
[Time "19:59:56"]
[TimeControl "180+0"]

1. Nf3 d5 2. c4 e6 3. g3 c5 4. Bg2 Nc6 5. cxd5 exd5 6. d4 Nf6 7. Nc3 Be7 8.
O-O Be6 9. b3 O-O 10. Bb2 Rc8 11. Rc1 b6 12. dxc5 bxc5 13. Qd2 d4 14. Na4
Qa5 15. Qd3 Nb4 16. Qb1 Rfd8 17. Ne5 Bd6 18. Nc4 Bxc4 19. Rxc4 Nfd5 20. Rfc1
Nb6 21. Nxb6 axb6 22. a3 Nc6 23. b4 Qb5 24. bxc5 bxc5 25. Bxc6 Rxc6 26. Bxd4
Qxb1 27. Rxb1 Rdc8 28. Be3 f6 29. a4 Ra6 30. Rb5 Rac6 31. a5 Kf7 32. Kg2 Ra6
33. Kf3 Rcc6 34. Ke4 g6 35. Kd5 Be5 36. Rcxc5 Rd6+ 37. Kc4 Re6 38. Rc7+ Re7
39. Rxe7+ Kxe7 40. Bc5+ Ke6 41. Bb4 Bc7 42. Rc5 Kd7 43. Kb5 Rc6 44. Rxc6
Bxa5 45. Bxa5 f5 46. Rc7+ Kd6 47. Rxh7 {Black forfeits on time} 1-0

[Event "ICCopen2017"]
[Site "Internet Chess Club"]
[Date "2017.03.19"]
[Round "5"]
[White "bugsino"]
[Black "MATEPROOF"]
[Result "0-1"]
[ICCResult "White forfeits on time"]
[WhiteElo "1703"]
[BlackElo "1929"]
[Opening "Sicilian: Hungarian variation"]
[ECO "B27"]
[NIC "SI.43"]
[Time "20:00:14"]
[TimeControl "180+0"]

1. e4 c5 2. Nf3 g6 3. d4 cxd4 4. Qxd4 Nf6 5. e5 Nc6 6. Qa4 Nd5 7. Qb3 Nb6 8.
Bf4 Bg7 9. Na3 d5 10. exd6 O-O 11. Be2 exd6 12. O-O Be6 13. Qd3 Bxb2 14.
Rab1 Nb4 15. Qxd6 Bxa3 16. Rxb4 Qxd6 17. Bxd6 Bxb4 18. Bxb4 Rfd8 19. a3 Nd5
20. Bd2 Rac8 21. c4 Nb6 22. Bg5 Re8 23. Rb1 Bxc4 24. Bxc4 Rxc4 25. Be3 Kg7
26. h4 Re6 27. Nd4 Re7 28. Nb5 Nd5 29. Bd4+ f6 30. Ba1 a6 31. Nd6 Rxh4 32.
Nxb7 Nf4 33. Nc5 Ne2+ 34. Kf1 Nd4 35. f3 Rh1+ 36. Kf2 Rxb1 37. Bxd4 Rd1 38.
Ne4 Rxd4 39. Kg3 f5 40. Nf6 Kxf6 41. Kf2 f4 42. Kg1 Rd2 43. Kh2 Ree2 44. Kh3
Rxg2 {White forfeits on time} 0-1

[Event "ICCopen2017"]
[Site "Internet Chess Club"]
[Date "2017.03.19"]
[Round "5"]
[White "FGM21"]
[Black "chigato"]
[Result "1-0"]
[ICCResult "Black forfeits on time"]
[WhiteElo "1880"]
[BlackElo "1670"]
[Opening "Caro-Kann: advance variation"]
[ECO "B12"]
[NIC "CK.02"]
[Time "19:59:37"]
[TimeControl "180+0"]

1. e4 c6 2. d4 d5 3. e5 Be6 4. Nc3 Qd7 5. f4 f6 6. Nf3 Bf7 7. Bd3 e6 8. O-O
c5 9. dxc5 Bxc5+ 10. Kh1 Nc6 11. a3 a6 12. b4 Be7 13. Be3 f5 14. Nd4 Bd8 15.
Nce2 Nge7 16. Bg1 O-O 17. c4 dxc4 18. Bxc4 Nd5 19. Qb3 Nce7 20. Rad1 Rc8 21.
Rf3 b5 22. Bxd5 Nxd5 23. Rfd3 Kh8 24. Nf3 Qb7 25. Ng5 Bg8 26. Rh3 h6 27. Nf3
Rc4 28. Bc5 Rf7 29. Nfd4 Qd7 30. Rhd3 Bh7 31. Nxe6 Qxe6 32. Rxd5 Be7 33.
Bxe7 Qxe7 34. Rd6 Qh4 35. Qf3 Bg8 36. Rd8 Kh7 37. Ra8 Qe7 38. Rdd8 Qb7 39.
Qxb7 Rxb7 40. Rxg8 Rc2 41. Ng1 Rd7 42. Rgd8 Rdc7 43. e6 Kg6 44. Rd7 R7c6 45.
e7 Re6 46. e8=Q+ Rxe8 47. Rxe8 Rc1 48. Ree7 Kh5 49. Rxg7 Rc2 50. Rd6 Rd2 51.
h3 Rc2 52. Nf3 Rc1+ 53. Kh2 Rc2 54. Rdg6 {Black forfeits on time} 1-0

[Event "ICCopen2017"]
[Site "Internet Chess Club"]
[Date "2017.03.19"]
[Round "5"]
[White "Carpe-Diem"]
[Black "chesscomet"]
[Result "1-0"]
[ICCResult "Black forfeits on time"]
[WhiteElo "1730"]
[BlackElo "1588"]
[Opening "Pirc: Ufimtsev-Pytel variation"]
[ECO "B07"]
[NIC "PU.08"]
[Time "19:59:58"]
[TimeControl "180+0"]

1. e4 d6 2. d4 Nf6 3. Nc3 c6 4. Bd3 e5 5. Nf3 Nbd7 6. O-O Be7 7. Be3 O-O 8.
a4 a5 9. h3 h6 10. Qd2 Nh7 11. Ne2 Bg5 12. Ng3 Bxe3 13. fxe3 b6 14. Qe2 c5
15. Bc4 Bb7 16. Rad1 Ng5 17. Nf5 Bxe4 18. Nxg5 hxg5 19. Nxd6 Bg6 20. dxc5
bxc5 21. Qf3 Qe7 22. Bxf7+ Bxf7 23. Nxf7 Rxf7 24. Qxf7+ Qxf7 25. Rxf7 Kxf7
26. Rxd7+ Kf6 27. Rc7 Rb8 28. b3 Rb4 29. Rxc5 Re4 30. Rxa5 Rxe3 31. Rc5 Re1+
32. Kf2 Ra1 33. b4 Rxa4 34. b5 Rb4 35. c4 Ke7 36. Rc6 Kd7 37. Ke3 Ke7 38.
Ke4 Rb2 39. g4 Rb3 40. Kxe5 Rxh3 41. Rc7+ Kf8 42. b6 Re3+ 43. Kf5 Re8 44.
Kxg5 Kg8 45. b7 Kh7 46. Rc8 Re5+ 47. Kf4 Re1 48. b8=Q Rf1+ 49. Kg3 Rg1+ 50.
Kh2 Rc1 51. Rh8+ Kg6 52. Qe8+ Kf6 53. Qd8+ Ke6 54. Qd5+ {Black forfeits on
time} 1-0

[Event "ICCopen2017"]
[Site "Internet Chess Club"]
[Date "2017.03.19"]
[Round "5"]
[White "lmenezes"]
[Black "rjohnson812"]
[Result "1-0"]
[ICCResult "Black checkmated"]
[WhiteElo "1626"]
[BlackElo "1398"]
[Opening "Queen's pawn"]
[ECO "A40"]
[NIC "QO.17"]
[Time "20:01:54"]
[TimeControl "180+0"]

1. d4 e6 2. Bf4 d5 3. e3 Bd6 4. Bg3 Nf6 5. Nf3 Nh5 6. Bxd6 Qxd6 7. Ne5 Nf6
8. Nd2 O-O 9. Bd3 h6 10. f4 c5 11. c3 b6 12. Qf3 Ba6 13. Bc2 Nbd7 14. g4 Ne8
15. g5 f6 16. Nxd7 Qxd7 17. gxh6 gxh6 18. Qh5 Ng7 19. Rg1 f5 20. Qxh6 Qf7
21. Nf3 Qf6 22. Rg6 Qf7 23. Ng5 Qd7 24. Qh7# {Black checkmated} 1-0

[Event "ICCopen2017"]
[Site "Internet Chess Club"]
[Date "2017.03.19"]
[Round "5"]
[White "KnightWalker"]
[Black "icewoman"]
[Result "0-1"]
[ICCResult "White forfeits on time"]
[WhiteElo "1413"]
[BlackElo "1086"]
[Opening "Pirc defense"]
[ECO "B07"]
[NIC "PU.08"]
[Time "19:59:51"]
[TimeControl "180+0"]

1. e4 d6 2. d4 Nf6 3. Bd3 Nbd7 4. h3 e5 5. Nf3 Be7 6. O-O c6 7. c3 Qc7 8.
Be3 h6 9. Nbd2 g5 10. Nh2 Nf8 11. f3 Ng6 12. Nc4 Nf4 13. dxe5 dxe5 14. Bc2
N6h5 15. Bxf4 Nxf4 16. Ne3 Bc5 17. Re1 Rg8 18. Kf1 h5 19. b4 Be7 20. Bb3 g4
21. Nf5 gxf3 22. Nxf3 Nxg2 23. Re2 Nf4 24. Rd2 Nxh3 25. Rg2 Rg4 26. Rxg4
hxg4 27. Nh2 g3 28. Nxg3 Nf4 29. Qf3 Nh3 30. Qxf7+ Kd7 31. Rd1+ Qd6 32. Nf5
Qxd1+ 33. Bxd1 c5 34. Qxe7+ Kc6 35. Qd6+ Kb5 36. Be2+ Ka4
{White forfeits on time}
0-1

[Event "ICCopen2017"]
[Site "Internet Chess Club"]
[Date "2017.03.19"]
[Round "5"]
[White "javi"]
[Black "thxgg"]
[Result "0-1"]
[ICCResult "White forfeits on time"]
[WhiteElo "1665"]
[BlackElo "1899"]
[Opening "French: Rubinstein variation"]
[ECO "C03"]
[NIC "FR.07"]
[Time "19:59:30"]
[TimeControl "180+0"]

1. e4 e6 2. d4 d5 3. Nd2 dxe4 4. Nxe4 Nd7 5. Bc4 Ngf6 6. Nxf6+ Nxf6 7. Nf3
c5 8. O-O cxd4 9. Qxd4 Qxd4 10. Nxd4 a6 11. a4 Bd7 12. Be3 Rc8 13. Bb3 Be7
14. Rad1 O-O 15. Bg5 e5 16. Nf3 Bg4 17. h3 Bxf3 18. gxf3 Rfe8 19. Rfe1 Bc5
20. Bxf6 gxf6 21. Rd7 Re7 22. Red1 Rc7 23. Rd8+ Kg7 24. Rb8 Red7 25. Rd8 Re7
26. R1d3 b6 27. Ra8 a5 28. Rad8 Bd4 29. c3 Bc5 30. Kg2 f5 31. R3d5 f6 32.
Bc2 f4 33. Bf5 Rc6 34. Ra8 Rcc7 35. Rdd8 Kh6 36. Kf1 Rc6 37. Rf8 Rd6 38.
Rfd8 Rg7 39. Rxd6 Bxd6 40. Rd8 Bc5 41. Rc8 Re7 42. Rf8 Kg7
{White forfeits on time}
0-1

[Event "ICCopen2017"]
[Site "Internet Chess Club"]
[Date "2017.03.19"]
[Round "5"]
[White "RnZ"]
[Black "Eigeneier"]
[Result "1-0"]
[ICCResult "Black forfeits on time"]
[WhiteElo "2038"]
[BlackElo "1744"]
[Opening "King's Indian: Sämisch, orthodox, 7.d5 c6"]
[ECO "E88"]
[NIC "KI.39"]
[Time "19:59:59"]
[TimeControl "180+0"]

1. d4 Nf6 2. c4 g6 3. Nc3 Bg7 4. e4 d6 5. f3 O-O 6. Be3 e5 7. d5 c6 8. Qd2
cxd5 9. cxd5 a6 10. Bd3 b5 11. Nge2 Nbd7 12. g4 Bb7 13. Ng3 Ne8 14. h4 Rc8
15. h5 Nc5 16. Bc2 Qd7 17. a3 a5 18. Bh6 b4 19. Nce2 b3 20. Bb1 a4 21. Nc3
Ba6 22. Qh2 Qa7 23. Bxg7 Nxg7 24. hxg6 fxg6 25. Qxh7+ Kf7 26. Rh6 Bd3 27.
Qxg6+ Kg8 28. Qh7+ Kf7 29. Nh5 Rg8 30. Qg6+ Kf8 31. Qxd6+ Qe7 32. Qxe7+ Kxe7
33. Bxd3 Nxd3+ 34. Kd2 Nxb2 35. Rb1 Nc4+ 36. Ke2 Nxa3 37. Re6+
{Black forfeits on time}
1-0

[Event "ICCopen2017"]
[Site "Internet Chess Club"]
[Date "2017.03.19"]
[Round "5"]
[White "AlonzoMosely"]
[Black "beaupre"]
[Result "1-0"]
[ICCResult "Black resigns"]
[WhiteElo "2287"]
[BlackElo "1781"]
[Opening "King's Indian: 5.Nf3"]
[ECO "E90"]
[NIC "KI.20"]
[Time "20:00:31"]
[TimeControl "180+0"]

1. d4 Nf6 2. c4 g6 3. Nc3 Bg7 4. e4 d6 5. Nf3 O-O 6. h3 Na6 7. Be3 c5 8. d5
Bd7 9. Bd3 Nb4 10. Bb1 a5 11. O-O a4 12. a3 Na6 13. Nxa4 Bxa4 14. Qxa4 Nc7
15. Qd1 b5 16. Nd2 b4 17. Ra2 bxa3 18. Rxa3 Rxa3 19. bxa3 Qd7 20. Bd3 Ra8
21. Qb3 h6 22. Bc2 Qd8 23. Nb1 Nd7 24. f4 Rb8 25. Qd3 Na6 26. Nc3 Qa5 27.
Nb5 Nc7 28. Bd2 Qb6 29. Rb1 Nxb5 30. Rxb5 Qc7 31. a4 Ra8 32. Qb3 Nf6 33. a5
Nh5 34. Rb7 Qc8 35. a6 Bd4+ 36. Kh2 Kg7 37. a7 e6 38. Rb8 Rxb8 39. axb8=Q
Qxb8 40. Qxb8 exd5 41. exd5 Nf6 42. g4 g5 43. Qxd6 gxf4 44. Bxf4 Ne4 45.
Be5+ {Black resigns} 1-0

[Event "ICCopen2017"]
[Site "Internet Chess Club"]
[Date "2017.03.19"]
[Round "5"]
[White "MasterMind"]
[Black "Reti"]
[Result "0-1"]
[ICCResult "White checkmated"]
[WhiteElo "1814"]
[BlackElo "2212"]
[Opening "QGD Slav: exchange variation"]
[ECO "D13"]
[NIC "SL.02"]
[Time "19:59:51"]
[TimeControl "180+0"]

1. Nf3 d5 2. d4 Nf6 3. c4 c6 4. cxd5 cxd5 5. Nc3 Nc6 6. Bf4 Ne4 7. Rc1 Nxc3
8. Rxc3 e5 9. Nxe5 Bb4 10. Nxc6 bxc6 11. Qb3 Qa5 12. Bd2 Bxc3 13. Bxc3 Qb6
14. Qa3 f6 15. e3 Bf5 16. Be2 Kf7 17. O-O Rhe8 18. h3 Rab8 19. Qd6 Kg8 20.
Bg4 Bxg4 21. hxg4 Rbd8 22. Qf4 Qa6 23. a3 Qd3 24. g5 fxg5 25. Qxg5 Rd6 26.
g3 Qe4 27. Qf4 Qxf4 28. gxf4 Rg6+ 29. Kh2 Rg4 30. Kh3 h5 31. f3 Rg6 32. Kh4
Rxe3 33. Kxh5 Rg2 34. Kh4 Re6 35. Kh3 Reg6 36. f5 R6g3+ 37. Kh4 Kf7 38. Be1
Rg5 39. Kh3 Rg1 40. Rxg1 Rxg1 41. Bh4 Rd1 42. Bf2 Rd2 43. Kg3 Rxb2 44. Be3
Rb3 45. Bf4 Rxa3 46. Bd6 Rb3 47. Kf4 a5 48. Ke5 a4 49. f6 gxf6+ 50. Kf5 a3
51. Bxa3 Rxa3 52. f4 Re3 53. Kg4 Re4 54. Kf3 Rxd4 55. Ke3 Re4+ 56. Kf3 Ke6
57. Kg4 c5 58. Kh5 Rxf4 59. Kg6 Re4 60. Kh5 Kf5 61. Kh6 Rg4 62. Kh5 d4 63.
Kh6 d3 64. Kh5 d2 65. Kh6 d1=Q 66. Kh5 Qh1# {White checkmated} 0-1

[Event "ICCopen2017"]
[Site "Internet Chess Club"]
[Date "2017.03.19"]
[Round "5"]
[White "METALCHESS"]
[Black "carpedef"]
[Result "1-0"]
[ICCResult "Black forfeits on time"]
[WhiteElo "1992"]
[BlackElo "1721"]
[Opening "Sicilian: closed"]
[ECO "B23"]
[NIC "SI.44"]
[Time "19:59:41"]
[TimeControl "180+0"]

1. e4 c5 2. Nc3 e6 3. f4 a6 4. Nf3 b5 5. d4 cxd4 6. Nxd4 Qc7 7. a3 Bb7 8.
Be3 d6 9. Bd3 Nf6 10. Qf3 Nbd7 11. g4 Nc5 12. g5 Nfd7 13. O-O Nb6 14. f5 e5
15. Nde2 Be7 16. f6 gxf6 17. gxf6 Bf8 18. Ng3 Rg8 19. Kh1 O-O-O 20. Qf5+ Kb8
21. Qxh7 Rg6 22. Rae1 d5 23. Bxc5 Bxc5 24. exd5 Nxd5 25. Be4 Nxc3 26. bxc3
Rdg8 27. Qh4 Rg4 28. Qh7 Bxe4+ 29. Nxe4 Qb7 30. h3 R4g6 31. Qh4 Qd5 32. Re2
Rg1+ 33. Rxg1 Rxg1+ 34. Kh2 Qd1 35. Qh5 Rh1+ 36. Kg3 Qg1+ 37. Kh4 Qf1 38.
Rf2 Rxh3+ 39. Kg5 Rxh5+ 40. Kxh5 Qh1+ 41. Kg4 {Black forfeits on time} 1-0

[Event "ICCopen2017"]
[Site "Internet Chess Club"]
[Date "2017.03.19"]
[Round "5"]
[White "qs16"]
[Black "Balderdash"]
[Result "1-0"]
[ICCResult "Black forfeits on time"]
[WhiteElo "1339"]
[BlackElo "1094"]
[Opening "Queen's pawn game"]
[ECO "D00"]
[NIC "QP.08"]
[Time "20:00:55"]
[TimeControl "180+0"]

1. d4 d5 2. Nd2 Nc6 3. e3 e5 4. dxe5 Nxe5 5. Ngf3 Nxf3+ 6. Qxf3 h5 7. c4 Bg4
8. Qf4 Bd6 9. Qd4 Nf6 10. cxd5 b6 11. Bb5+ Kf8 12. O-O Bc5 13. Qc3 Qxd5 14.
Bc4 Qc6 15. Nb3 Ne4 16. Qe5 Re8 17. Qf4 Nf6 18. Nxc5 Qxc5 19. Bb3 Re4 20.
Qg3 Re7 21. Bd2 Ne4 22. Bb4 Qxb4 23. Qf4 Be2 24. Rfe1 g5 25. Qf5 Bg4 26. Qd5
Qd6 27. Qa8+ Kg7 28. f3 Be6 29. fxe4 Bxb3 30. Qxa7 Be6 31. Qa3 Qxa3 32. bxa3
Bc4 33. Rac1 b5 34. a4 c6 35. axb5 cxb5 36. a4 Rxe4 37. axb5 Bxb5 38. Rc7
Rd8 39. Rec1 Rd2 40. h3 Re2 41. R7c5 R2xe3 42. Rxb5 Re1+ 43. Rxe1 Rxe1+ 44.
Kf2 Re7 45. Rxg5+ {Black forfeits on time} 1-0

[Event "ICCopen2017"]
[Site "Internet Chess Club"]
[Date "2017.03.19"]
[Round "5"]
[White "Chisel"]
[Black "cheslikeyomama"]
[Result "1-0"]
[ICCResult "Black forfeits on time"]
[WhiteElo "1730"]
[BlackElo "1380"]
[Opening "Robatsch (modern) defense"]
[ECO "B06"]
[NIC "KF.06"]
[Time "20:00:16"]
[TimeControl "180+0"]

1. e4 g6 2. Nc3 Bg7 3. Nf3 d6 4. Bc4 Nd7 5. d3 Nh6 6. O-O O-O 7. Bg5 Kh8 8.
Qd2 Ng8 9. Nd5 f6 10. Bh4 c6 11. Ne3 g5 12. Bg3 Ne5 13. Nxe5 dxe5 14. Qe2 a6
15. a4 a5 16. Qh5 Qe8 17. Qxe8 Rxe8 18. h4 gxh4 19. Bxh4 Bd7 20. Nf5 Bxf5
21. exf5 Rf8 22. Be6 Nh6 23. f3 Nf7 24. Bf2 Nd6 25. Bc5 Rab8 26. Bb6 Bh6 27.
Rfe1 Ne8 28. Bxa5 Ng7 29. Bb6 Nxe6 30. fxe6 Rfe8 31. d4 exd4 32. Bxd4 b6 33.
b4 Rec8 34. c4 c5 35. bxc5 bxc5 36. Be3 Rb3 37. Bxh6 Rb4 38. Rec1 Ra8 39. a5
Rb3 40. a6 Rb6 41. a7 Rb7 42. Rd1 Kg8 43. Rd7 {Black forfeits on time} 1-0

[Event "ICCopen2017"]
[Site "Internet Chess Club"]
[Date "2017.03.19"]
[Round "5"]
[White "blackjack721"]
[Black "RockyTop"]
[Result "0-1"]
[ICCResult "White forfeits on time"]
[WhiteElo "1383"]
[BlackElo "1600"]
[Opening "Sicilian defense"]
[ECO "B20"]
[NIC "SI.48"]
[Time "20:00:05"]
[TimeControl "180+0"]

1. e4 c5 2. Bc4 e6 3. Nc3 a6 4. a3 b5 5. Ba2 Bb7 6. Nf3 d6 7. d4 cxd4 8.
Nxd4 Nf6 9. Bxe6 fxe6 10. Nxe6 Qe7 11. Nxf8 Rxf8 12. Be3 Nxe4 13. Nxe4 Qxe4
14. Qxd6 Kf7 15. O-O-O Kg8 16. Rd4 Qc6 17. Qg3 Qxg2 18. Qxg2 Bxg2 19. Rg1
Bf3 20. Bh6 g6 21. Bxf8 Kxf8 22. Rf4+ Kg7 23. Rxf3 Nd7 24. Rd3 Nf6 25. f4
Re8 26. f5 Re7 27. fxg6 hxg6 28. b4 Ne4 29. h4 Kf6 30. Rf3+ Kg7 31. h5 g5
32. Rg4 Kh6 33. Rxe4 Rxe4 34. Rf6+ Kxh5 35. Rxa6 Kg4 36. Kb2 Re5 37. Rb6 Kf4
38. c3 g4 39. Kb3 g3 40. a4 g2 41. a5 g1=Q 42. a6 Qb1+ 43. Ka3 Re3 44. Rf6+
Kg3 {White forfeits on time} 0-1

[Event "ICCopen2017"]
[Site "Internet Chess Club"]
[Date "2017.03.19"]
[Round "5"]
[White "Heian"]
[Black "Persi"]
[Result "1-0"]
[ICCResult "Black checkmated"]
[WhiteElo "1473"]
[BlackElo "1295"]
[Opening "French: advance, Milner-Barry gambit"]
[ECO "C02"]
[NIC "FR.03"]
[Time "20:00:22"]
[TimeControl "180+0"]

1. e4 e6 2. d4 d5 3. e5 c5 4. c3 Qb6 5. Nf3 Nc6 6. Bd3 Bd7 7. O-O cxd4 8.
cxd4 Nxd4 9. Nbd2 Nc6 10. Nb3 Nge7 11. Be3 Qc7 12. Rc1 Qb8 13. Bc5 Nxe5 14.
Nxe5 Qxe5 15. Re1 Qb8 16. Nd4 b6 17. Ba3 Qb7 18. Qe2 Rc8 19. Ba6 Qb8 20.
Bxc8 Bxc8 21. Nc6 Nxc6 22. Bxf8 Kxf8 23. Rxc6 Bd7 24. Rc3 g6 25. Rec1 Kg7
26. g3 a6 27. Rc7 Bb5 28. Qe5+ Kh6 29. h4 f6 30. Qf4+ g5 31. Qxf6+ Kh5 32.
Qxg5# {Black checkmated} 1-0

[Event "ICCopen2017"]
[Site "Internet Chess Club"]
[Date "2017.03.19"]
[Round "5"]
[White "GoogleGirl"]
[Black "x-plica"]
[Result "1-0"]
[ICCResult "Black resigns"]
[WhiteElo "1835"]
[BlackElo "1354"]
[Opening "Queen's pawn"]
[ECO "A40"]
[NIC "QO.17"]
[Time "19:59:40"]
[TimeControl "180+0"]

1. d4 e6 2. Bf4 c5 3. c3 a6 4. Nf3 h6 5. e3 Be7 6. Be2 b6 7. O-O Nf6 8. Nbd2
O-O 9. h3 d6 10. b4 Nd5 11. Qc2 Nxf4 12. exf4 cxd4 13. cxd4 Nd7 14. Nb3 Bb7
15. Rac1 Rc8 16. Qd2 Bf6 17. Rxc8 Qxc8 18. Rc1 Qd8 19. Qc2 Qe7 20. Qd2 Rc8
21. g4 Rxc1+ 22. Qxc1 Bxf3 23. Bxf3 d5 24. a3 b5 25. Qc8+ Kh7 26. Qxa6 g6
27. Qxb5 Nf8 28. Qc5 Qe8 29. b5 Be7 30. Qc6 Qd7 31. Qxd7 Nxd7 32. a4 Nb6 33.
a5 Nc4 34. a6 Nb6 35. Nc5 Kg7 36. a7 Kf8 37. Nd7+ Nxd7 38. a8=Q+ Kg7 39. Qb7
Ne5 40. Qxe7 Nxf3+ 41. Kg2 Nxd4 42. Qc5 Nb3 43. Qb4 Nc1 44. b6 Kh7 45. b7
Nd3 46. Qb6 Nxf4+ 47. Kg3 g5 48. b8=Q Kg6 49. Qxf4 gxf4+ 50. Kxf4 f6 51. h4
e5+ 52. Kg3 d4 53. Qc7 h5 54. Qd7 hxg4 55. Qxg4+ Kf7 56. h5 Ke7 57. Qg6 Kd6
58. h6 Kc5 59. h7 Kc4 60. h8=Q Kc3 61. Qhxf6 d3 62. Qxd3+ Kxd3 63. Qxe5 Kd2
64. f4 Kd3 65. f5 Kc4 66. f6 Kd3 67. f7 Kc4 68. f8=Q Kd3 69. Qfd6+ Kc4 70.
Qec5+ Kb3 71. Qdb6+ {Black resigns} 1-0

[Event "ICCopen2017"]
[Site "Internet Chess Club"]
[Date "2017.03.19"]
[Round "5"]
[White "Trentosk"]
[Black "BlackHorse96"]
[Result "0-1"]
[ICCResult "White forfeits on time"]
[WhiteElo "2552"]
[BlackElo "3108"]
[Opening "Robatsch defense"]
[ECO "B06"]
[NIC "KF.05"]
[Time "19:59:54"]
[TimeControl "180+0"]

1. e4 g6 2. d4 Bg7 3. Nc3 a6 4. a4 d6 5. Nf3 Nc6 6. h3 e5 7. Be3 exd4 8.
Nxd4 Nf6 9. Qd2 O-O 10. O-O-O Re8 11. f3 d5 12. Nxc6 bxc6 13. h4 Be6 14. Bg5
Qb8 15. h5 dxe4 16. hxg6 fxg6 17. fxe4 Nxe4 18. Qe3 Nxc3 19. bxc3 Ba2 20.
Qf4 Qb1+ 21. Kd2 Rad8+ 22. Bxd8 Rxd8+ 23. Bd3 Qb2 24. Qb4 Qxb4 25. cxb4 Bd5
26. Kc1 Rb8 27. Rh4 Bf6 28. Rh2 Rxb4 29. Rdh1 Bg5+ 30. Kd1 h6 31. Bxg6 Rxa4
32. Bd3 Kg7 33. Ke2 Be6 34. Kf3 Bg4+ 35. Kg3 Bf4+ 36. Kxg4 Bxh2+ 37. Kf3 Bd6
38. Be4 Ra3+ 39. Bd3 c5 40. Rh4 Ra1 41. Rg4+ Kf6 42. Rc4 Re1 43. Re4 Rxe4
44. Kxe4 a5 45. Kd5 a4 46. Bc4 a3 47. Ba2 Be5 48. Ke4 Bb2 49. g4 Kg5 50. Kf3
h5 51. gxh5 c4 52. Bxc4 Kxh5 53. Ba2 Kg5 54. Bb3 Kf6 55. Ba2 Ke7 56. Bb3 Kd6
57. Ba2 c5 58. Ke2 Kc6 59. Kd3 Kb5 60. Bb3 Kb4 61. Ba2 c4+ 62. Bxc4 Bc3 63.
Ba2 Bb2 64. Bb3 Bc3 65. Ba2 Bd4 66. Bb3 Bc3 67. Ba2 Bb2 68. Bb3 Ba1 69. Ba2
Ka5 70. Bb3 Kb6 71. Ba2 Bb2 72. Bb3 Kc7 73. Ba2 Kb8 74. Bb3 Ka7 75. Ba2 Kb6
76. Bb3 Kc7 77. Ba2 Kd6 {White forfeits on time} 0-1